 Dungeon Crawl Stone Soup version 0.28.0-47-ge53b351184 (webtiles) character file.

Game seed: 17788512173184777849

72 bobregger the Skirmisher (level 4, -3/75 HPs)
             Began as an Ogre Berserker on Apr 30, 2022.
             Was a Believer of Trog.
             Slain by Terence
             ... wielding a +0 trident
              (8 damage)
             ... on level 2 of the Dungeon.
             The game lasted 00:01:34 (1807 turns).

bobregger the Skirmisher (Ogre Berserker)           Turns: 1807, Time: 00:01:34

Health: -3/75      AC:  3    Str: 21    XL:     4   Next: 26%
Magic:  4/4        EV: 10    Int:  8    God:    Trog [**....]
Gold:   57         SH:  0    Dex: 10    Spells: 3/3 levels left

rFire   . . .      SeeInvis .   a - +0 mace
rCold   . . .      Faith    .   (no shield)
rNeg    . . .      Spirit   .   b - +0 animal skin
rPois   .          Reflect  .   (helmet restricted)
rElec   .          Harm     .   (no cloak)
rCorr   .          Rampage  .   (gloves unavailable)
Will    ++...                   (boots unavailable)
Stlth   ..........              (no amulet)
HPRegen 1.22/turn               (no ring)
MPRegen 0.09/turn               (no ring)

@: berserking (expiring), strong-willed (expiring), regenerating (expiring),
very quick
A: large, unfitting armour, tough skin 1
a: Renounce Religion, Berserk, Trog's Hand


You were on level 2 of the Dungeon.
You worshipped Trog.
Trog was pleased with you.
You visited 1 branch of the dungeon, and saw 2 of its levels.

You collected 57 gold pieces.

Inventory:

Hand Weapons
 a - a +0 mace (weapon)
Armour
 b - a +0 animal skin (worn)
Jewellery
 e - a ring of protection from cold
Scrolls
 f - 3 scrolls of teleportation {unknown}
 g - 2 scrolls of amnesia {unknown}
 i - a scroll of enchant armour {unknown}
 k - a scroll of torment {unknown}
 l - a scroll of magic mapping {unknown}
 m - a scroll of vulnerability {unknown}
 n - a scroll of noise {unknown}
Potions
 c - 2 potions of curing {unknown}
 d - a potion of flight {unknown}
 h - a potion of berserk rage {unknown}
 j - a potion of might {unknown}


   Skills:
 * Level 5.1 Fighting
 + Level 3.1 Maces & Flails
 * Level 3.5 Dodging


You had 3 spell levels left.
You didn't know any spells.
Your spell library was empty.

Dungeon Overview and Level Annotations

Branches:
Dungeon (2/15)

Altars:
Cheibriados

Annotations:
D:2 Terence


Innate Abilities, Weirdness & Mutations

You are too large for most types of armour.
You have tough skin. (AC +1)


Message History

You hit Natasha.
Natasha is severely wounded.
Natasha closely misses you. The crimson imp hits you.
Terence hits you from afar with a +0 trident!
You hit Natasha.
You kill Natasha!
Trog accepts your kill.
Trog appreciates your killing of a magic user.
Natasha growls in agony!
The crimson imp disappears in a puff of smoke!
Terence hits you from afar with a +0 trident.
The dart slug bites you.
Your Fighting skill increases to level 5!
You have reached level 4!
Your skin crawls.
You feel strong-willed. Terence barely misses you. The dart slug bites you.
A red film seems to cover your vision as you go berserk!
You feel yourself moving faster!
You feel mighty!
Terence hits you from afar with a +0 trident!
* * * LOW HITPOINT WARNING * * *
You feel a strong urge to attack something.
The dart slug launches a dart at you. The slug dart hits you.
* * * LOW HITPOINT WARNING * * *
Terence hits you with a +0 trident.
* * * LOW HITPOINT WARNING * * *
You see here a frilled lizard corpse.
You hit Terence.
Terence is lightly wounded.
You feel the effects of Trog's Hand fading.
You sock Terence!
Terence is heavily wounded.
Terence hits you with a +0 trident.
* * * LOW HITPOINT WARNING * * *
The dart slug closely misses you.
You closely miss Terence.
Terence is heavily wounded.
Terence hits you with a +0 trident!
You die...

#......#.########
#...............#
#...............####
#...................
#
#............#######.
#######..####.?......
#..# #.###$#.. ##.#
#..†..# #.# #.w@..#
#>.......@....(.
####.#..........
#....#...#....
#....#...# ...
..........# ..
.####...... . ....##


You could see Terence and a dart slug.

Vanquished Creatures
  Natasha (D:2)
  4 dart slugs (D:1)
  4 ball pythons
  3 endoplasms
  2 goblins
  5 hobgoblins (D:1)
  2 kobolds (D:1)
  3 quokkas
  5 bats
  3 frilled lizards
  6 rats
38 creatures vanquished.

Notes
Turn   | Place    | Note
-------+----------+-------------------------------------------
     0 | D:1      | bobregger the Ogre Berserker began the quest for the Orb.
     0 | D:1      | Reached XP level 1. HP: 24/24 MP: 1/1
   126 | D:1      | Reached XP level 2. HP: 23/32 MP: 2/2
   810 | D:1      | Reached XP level 3. HP: 36/40 MP: 3/3
  1232 | D:2      | Found a snail-covered altar of Cheibriados.
  1288 | D:2      | Reached ** piety under Trog
  1793 | D:2      | Noticed Terence
  1793 | D:2      | Noticed Natasha
  1801 | D:2      | Killed Natasha
  1802 | D:2      | Reached skill level 5 in Fighting
  1802 | D:2      | Reached XP level 4. HP: 16/50 MP: 4/4
  1807 | D:2      | Slain by Terence

Illustrated notes

Levels and vault maps discovered:
D:1:      elethiomel_arrival_quiet, layout_basic, minmay_misc_feat_iff
D:2:      layout_basic, basic_altar, hellmonk_ecumenical_altar_lost_god,
          minmay_cupped, uniq_terence, uniq_natasha

Skill      XL: |  1  2  3 |
---------------+----------+-----
Dodging        | 3 |  3.5
Maces & Flails | 3 |  3.1
Fighting       | 5 |  5.1

Action                   |  1- 3 |  4- 6 || total
-------------------------+-------+-------++-------
Melee: Mace              |   110 |     3 ||   113
       Punch             |     1 |       ||     1
Invok: Berserk           |       |     1 ||     1
       Trog's Hand       |       |     1 ||     1
Armor: Animal skin       |    45 |       ||    45
Dodge: Dodged            |    76 |     2 ||    78
